 Dungeon Crawl Stone Soup version 0.19-a0-277-g85cb9a5 (webtiles) character file.

49 Charly the Insei (level 3, -3/17 HPs)
             Began as a Vine Stalker Transmuter on May 26, 2016.
             Slain by a river rat (4 damage)
             ... in a sewer.
             The game lasted 00:03:08 (219 turns).

Charly the Insei (Vine Stalker Transmuter)           Turns: 219, Time: 00:03:09

Health: -3/17      AC:  2    Str: 12    XL:     3   Next: 77%
Magic:  0/7        EV: 12    Int: 14    God:
Gold:   0          SH:  0    Dex: 14    Spells: 3 memorised, 0 levels left

rFire  . . .     SeeInvis .       - Unarmed
rCold  . . .     Gourm    .     b - +0 robe
rNeg   . . .     Faith    .     (no shield)
rPois  .         Spirit   +     (no helmet)
rElec  .         Dismiss  .     (no cloak)
rCorr  .         Reflect  .     (no gloves)
SustAt .         Harm     .     (no boots)
MR     .....     Rnd*Tele +     (no amulet)
Stlth  +.........               (no ring)
                                f - ring of teleportation (curse)

@: very slightly contaminated, not resistant to hostile enchantments, very
unstealthy
A: fangs 2, regeneration 1, magic shield, antimagic bite, no device heal 3, rot
immunity
a: no special abilities


You were in a sewer.
You were not hungry.

You visited 1 branch of the dungeon, and saw 5 of its levels.
You also visited: Sewer.

Inventory:

Missiles
 a - 12 arrows
Armour
 b - a +0 robe (worn)
Jewellery
 f - a cursed ring of teleportation (left hand)
Scrolls
 g - a scroll of remove curse {unknown}
 h - a scroll of identify {unknown}
Potions
 e - a potion of heal wounds {unknown}
Books
 c - a book of Changes

   Spells                             Type                      Level
   a - Beastly Appendage              Transmutation                1
   b - Sticks to Snakes               Transmutation                2
   c - Spider Form                    Transmutation/Poison         3
   d - Ice Form                       Ice/Transmutation            4
   e - Blade Hands                    Transmutation                5
Comestibles
 d - a bread ration


   Skills:
 - Level 0.8 Fighting
 - Level 1.5 Dodging
 + Level 3.9 Unarmed Combat
 - Level 2.1 Spellcasting
 + Level 3.1 Transmutations


You couldn't memorise any spells.
You knew the following spells:

 Your Spells              Type           Power        Failure   Level  Hunger
a - Beastly Appendage     Tmut           ##....       10%         1    #......
s - Sticks to Snakes      Tmut           ##......     12%         2    ###....
S - Spider Form           Tmut/Pois      #.........   38%         3    ###....


Dungeon Overview and Level Annotations

Branches:
Dungeon (5/15)
 Temple: D:4-7

Altars:


Innate Abilities, Weirdness & Mutations

You have extremely sharp teeth.
Your natural rate of healing is unusually fast.
When hurt, damage is shared between your health and your magic reserves.
Your bite disrupts and absorbs the magic of your enemies.
Potions and wands cannot restore your health.
You are immune to rotting.


Message History

Ouch! That really hurt!
* * * LOW HITPOINT WARNING * * *
You hit the river rat.
The river rat is heavily wounded.
The river rat bites you but does no damage.
You completely miss the river rat.
The river rat is heavily wounded.
The river rat closely misses you.
You closely miss the river rat.
The river rat is heavily wounded.
The river rat bites you but does no damage.
You hit the river rat but do no damage.
You bite the river rat, but do no damage.
The river rat is heavily wounded.
The river rat bites you.
* * * LOW HITPOINT WARNING * * *
You hit the river rat but do no damage. Your bite misses the river rat.
The river rat is heavily wounded.
The river rat bites you.
You die...

≈≈≈≈≈≈≈≈≈.≈...≈≈≈≈≈≈≈≈
≈≈≈≈≈≈≈≈≈≈.....≈≈≈.≈≈≈
.≈..≈≈..≈........≈≈.≈.
.....................
.............†.......
#.........†.......
##.......##.......
###.r.##..#####.....
#∩.@#####..######...
##### ##..∩# ####
#####


You could see a river rat.

Vanquished Creatures
  Jessica (D:3)
  A river rat (Sewer)
  A worm (D:4)
  An orc (D:4)
  2 bats
  A giant cockroach (D:4)
  2 goblins (D:3)
  A giant newt (D:3)
  3 rats
13 creatures vanquished.

Notes
Turn   | Place    | Note
--------------------------------------------------------------
     0 | D:1      | Charly the Vine Stalker Transmuter began the quest for the Orb.
     0 | D:1      | Reached XP level 1. HP: 9/9 MP: 4/4
    67 | D:3      | Noticed Jessica
    82 | D:3      | Killed Jessica
    82 | D:3      | Reached XP level 2. HP: 9/14 MP: 1/6
    82 | D:3      | Reached XP level 3. HP: 12/17 MP: 1/7
    86 | D:3      | Learned a level 2 spell: Sticks to Snakes
    90 | D:3      | Learned a level 3 spell: Spider Form
   124 | D:5      | Entered Level 5 of the Dungeon
   169 | D:4      | Found a glowing drain.
   173 | Sewer    | Entered a sewer
   219 | Sewer    | Slain by a river rat

Vault maps used:
D:1:      lemuel_arrival_river_bridge
D:2:      first_bread, trog_butcher_becter, uniq_iyjb
D:3:      uniq_jessica, uniq_sigmund, uniq_crazy_yiuf_cottage
D:4:      overflow_temple_1_default, lemuel_round_altar, lemuel_doored_altar,
          gup_sewer_entry_bowl, hangedman_decor_peaks_small,
          minmay_strange_pillars, uniq_duvessa
D:5:      grunt_temple_overflow_champion_of_chaos, minmay_temple_entry_trees,
          uniq_pikel
Sewer:    sewer_minmay_treatment

Skill      XL: |  1  2  3 |
---------------+----------+-----
Transmutations | 3 |  3.1
Fighting       | |  0.8
Dodging        | |  1.5
Unarmed Combat | |  3.9
Spellcasting   | |  2.1

Action                   || total
-------------------------++-------
Melee: Unarmed           ||    51
       Punch             ||     2
       Bite              ||     3
 Cast: Spider Form       ||     3
 Stab: Sleeping          ||     2
Armor: Robe              ||    12
       Skin              ||     3
Dodge: Dodged            ||    17
